Cogmind - Beta 16 @@@ ROGUE MODE // 2025.11.30 @ 01:44:19 Player: Torako Result: Destroyed by S-43 Plague with Heavy Machine Gun Performance ------------- Evolutions (9) 4500 Regions Visited (15) 3000 Robots Destroyed (56) 280 Value Destroyed (1998) 1998 Prototype IDs (35) 700 Alien Tech Used (0) 0 Bonus (1799) 1799 TOTAL SCORE: 12277 Bonus ------- High Alert Combat Kills 73 Follower Combat Kills 439 Registered with UFD 300 Met Optimus in HQ 500 Met Zhirov 300 Read Decrypted Archives 300 Friendly Fire -113 Cogmind --------- Core Integrity 0/1600 Matter 144/300 Energy 100/100 System Corruption 5% Temperature Cool (1) Movement Flying (40) Location -1/Access Parts ------- > --- POWER (3) -------- (None) > --- PROPULSION (8) --- Xenon Bombardment Thruster > --- UTILITY (10) ----- Advanced Signal Interpreter Advanced Terrain Scan Processor Advanced Terrain Scan Processor > --- WEAPON (4) ------- (None) > --- INVENTORY (5) ---- Quantum Reactor Advanced Cryofiber Web Enhanced Hardcell Cannon DRS Beacon (Ready) Peak State ------------ > --- POWER ------------ Improved Fusion Compressor Light Quantum Reactor > --- PROPULSION ------- Impulse Thruster Array Impulse Thruster Array Impulse Thruster Array Impulse Thruster Array > --- UTILITY ---------- Advanced Cryofiber Web Coolant Network Enhanced Optical Array Advanced Signal Interpreter Centrium Medium Armor Plating Advanced Powered Armor Hacking Suite Advanced System Shield > --- WEAPON ----------- Enhanced Quantum Rifle > --- INVENTORY -------- Q-thruster Impulse Thruster Array Improved Propulsion Shielding DRS Beacon [Rating: 153] Favorites ----------- Power Light Fission Core Engine Subdweller Power Source Power Core Light Fission Core Reactor Cold Fusion Reactor Propulsion Light Treads Treads Light Treads Leg Improved Carbon-fiber Leg Wheel Wheel Hover Unit Gravmag System Flight Unit Impulse Thruster Array Utility Advanced Signal Interpreter Device Advanced Sensor Array Storage High-capacity Storage Unit Processor Advanced Signal Interpreter Hackware Hacking Suite Protection Improved Light Armor Plating Weapon Improved Light Cannon Energy Gun Enhanced Quantum Rifle Energy Cannon Phase Cannon Ballistic Gun Assault Rifle Ballistic Cannon Improved Light Cannon Launcher Improved Proton Missile Launcher Build | -11 -10 -10 -9 -6 -5 -5 -5 -4 -4 -4 -4 -4 -3 -2 -1 ------- Run | Yrd Mat Sub Scr Fac Fac Was Fac Fac Ext Cet Arc Hub Res Res Acc Slots Evolved 18 | . . . . 8 2 . . 2 . . . . 2 2 2 Power 2 | . . . . . 1 . . . . . . . . . 1 Propulsion 6 | . . . . 3 . . . 1 . . . . 1 1 . Utility 8 | . . . . 3 1 . . 1 . . . . 1 1 1 Weapon 2 | . . . . 2 . . . . . . . . . . . Parts Attached 128 | 5 6 2 12 41 4 1 1 4 2 . 2 4 8 19 17 Power 18 | 1 1 2 2 2 1 . . 1 1 . . 2 1 1 3 Engine 6 | 1 . 2 1 1 . . . . 1 . . . . . . Core 4 | . 1 . 1 . 1 . . . . . . 1 . . . Reactor 8 | . . . . 1 . . . 1 . . . 1 1 1 3 Propulsion 45 | 2 . . 4 19 1 1 . 2 . . 2 1 4 2 7 Treads 12 | 2 . . 4 6 . . . . . . . . . . . Leg 3 | . . . . 2 . . . . . . . . . . 1 Wheel 8 | . . . . 8 . . . . . . . . . . . Hover 6 | . . . . 1 1 . . 1 . . 2 1 . . . Flight 16 | . . . . 2 . 1 . 1 . . . . 4 2 6 Utility 46 | 1 1 . 5 10 2 . 1 1 1 . . 1 3 14 6 Device 20 | . 1 . 1 5 1 . 1 . 1 . . 1 1 5 3 Storage 3 | 1 . . 2 . . . . . . . . . . . . Processor 12 | . . . 2 3 1 . . . . . . . 1 2 3 Hackware 5 | . . . . . . . . . . . . . 1 4 . Protection 6 | . . . . 2 . . . 1 . . . . . 3 . Artifact . | . . . . . . . . . . . . . . . . Weapon 19 | 1 4 . 1 10 . . . . . . . . . 2 1 Energy Gun 5 | . 1 . . 2 . . . . . . . . . 2 . Energy Cannon 4 | . . . . 4 . . . . . . . . . . . Ballistic Gun 4 | 1 1 . . 2 . . . . . . . . . . . Ballistic Cannon 5 | . 2 . 1 1 . . . . . . . . . . 1 Launcher 1 | . . . . 1 . . . . . . . . . . . Special Weapon . | . . . . . . . . . . . . . . . . Impact Weapon . | . . . . . . . . . . . . . . . . Slashing Weapon . | . . . . . . . . . . . . . . . . Piercing Weapon . | . . . . . . . . . . . . . . . . Special Melee Weapon . | . . . . . . . . . . . . . . . . Unidentified Prototypes 10 | . 1 . . 1 . . . 2 . . . . . 6 . Corrupted Parts 3 | . . . . 1 . 1 . . 1 . . . . . . System Corruption 18 | . . . . 10 . 7 . . 1 . . . . . . Parts Lost 73 | . . 2 . 28 . . . 1 7 1 . 8 . 15 11 Power 11 | . . 2 . 1 . . . . 2 . . 1 . 3 2 Propulsion 35 | . . . . 15 . . . 1 4 . . 3 . 5 7 Utility 17 | . . . . 3 . . . . 1 1 . 3 . 7 2 Weapon 10 | . . . . 9 . . . . . . . 1 . . . Highest Loss Streak 11 | . . 2 . 11 . . . 1 6 2 . 8 . 11 8 To Critical Strikes 2 | . . . . 1 . . . . . . . . . . 1 Average Backups 7 | 3 7 7 9 8 1 2 2 . 1 2 1 1 2 2 2 Power . | . 1 . . 1 1 1 1 . . . . 1 1 . . Propulsion 1 | 1 2 1 1 1 . . . . . . . . . 1 . Utility 2 | . 1 2 3 2 . . . . 1 1 1 . . . . Weapon 2 | 1 2 3 3 1 . . . . . 1 . . . . . Tool/Special . | . . . . . . . . . . . . . . . . Unused Backups 19 | . 3 2 9 4 . . 1 . . . . . . . . Power 1 | . . . . 1 . . . . . . . . . . . Propulsion 3 | . . 2 1 . . . . . . . . . . . . Utility 5 | . 1 . 3 1 . . . . . . . . . . . Weapon 7 | . 2 . 5 . . . . . . . . . . . . Tool/Special 3 | . . . . 2 . . 1 . . . . . . . . Average Slot Usage (%) 83 | . 89 99 99 86 58 68 70 75 72 39 42 59 38 58 23 Engine 2 | . 5 8 4 1 . . . 4 4 5 5 . . . . Core 5 | . 8 5 9 . 5 5 5 5 4 . . . 1 3 . Reactor 1 | . . . . 4 . . . . . . . 4 1 3 1 Treads 18 | . 28 28 28 18 . . . . . . . . . . . Wheel 1 | . . . . 6 . . . . . . . . . . . Hover 1 | . . . . . 6 8 5 8 9 . 2 11 . . . Flight 3 | . . . . . 11 12 17 14 13 5 5 5 10 16 6 Device 7 | . 7 14 3 5 13 17 17 20 15 15 15 21 11 9 6 Storage 8 | . 14 14 14 5 . . . . . . . . . . . Processor 10 | . . . 10 15 6 11 11 10 10 10 10 10 12 8 9 Protection 1 | . . . . 2 5 5 5 5 9 2 . . . 3 . Energy Cannon 2 | . . . . 7 4 5 5 5 4 . 2 5 . . . Ballistic Cannon 15 | . 15 28 28 9 . . . . . . . . . . . Peak Build Rating 153 | 5 14 14 30 56 60 64 66 82 84 38 48 73 108 153 79 Average Rating 41 | 3 10 13 24 47 49 57 62 76 75 35 40 62 59 128 43 On Entrance 40 | . 5 14 13 30 48 60 64 66 80 38 35 48 30 108 2 Avg Prop Armor Cover (%) 7 | . . . . 11 9 7 4 6 8 . 14 2 . . 22 Naked Turns 1 | . . . . . . . . . . . . . . 1 . Heaviest Build 97 | 10 19 19 59 97 20 20 28 30 33 10 16 29 25 54 36 Greatest Support 103 | 40 40 40 50 103 20 26 35 36 36 15 15 37 56 64 37 Greatest Overweight (x) 9 | . . . 1 9 . . . . 2 . 1 1 . . 1 Average Overweight (x) . | . . . . . . . . . . . . . . . . Largest Inventory Capacity 20 | 8 8 8 20 20 5 5 5 5 5 5 5 5 5 5 5 Average Capacity 12 | 6 8 8 14 18 5 5 5 5 5 5 5 5 5 5 5 Most Carried 19 | 5 8 8 17 19 5 5 5 5 5 4 4 5 5 5 5 Average Carried 9 | 4 7 7 11 12 4 5 4 3 3 4 3 3 3 4 3 Final Capacity 15 | 8 8 8 15 5 5 5 5 5 5 5 5 5 5 5 5 Final Carried 15 | 5 8 8 15 5 5 5 4 4 4 4 3 3 5 4 4 Class Distribution -------------------- 59% | Mutant 13% | Gunner 12% | Scout 3% | Scavenger-Mutant 3% | Hacker-Mutant Dominant Class ---------------- Mutant | -10/Materials Mutant | -10/Subcaves Mutant | -9/Scraptown Gunner | -6/Factory Mutant | -5/Factory Scout | -5/Waste Scout | -5/Factory Scout | -4/Factory Scout | -4/Extension Mutant | -4/Cetus Mutant | -4/Archives Scout | -4/Hub_04(d) Scout | -3/Research Hacker-Mutant | -2/Research Mutant | -1/Access Resources | -11 -10 -10 -9 -6 -5 -5 -5 -4 -4 -4 -4 -4 -3 -2 -1 ----------- Run | Yrd Mat Sub Scr Fac Fac Was Fac Fac Ext Cet Arc Hub Res Res Acc Matter Collected 2487 | 217 161 66 228 1215 . . . . 289 . 31 . . 118 162 Remotely 206 | . . . . 206 . . . . . . . . . . . Salvage Created 2794 | . 148 72 . 2334 . . . . 189 . 31 . . 20 . Parts 103 | . 4 3 . 84 . . . . 7 . 3 . . 2 . Haulers Intercepted . | . . . . . . . . . . . . . . . . Recyclers Shooed 6 | . . . . 6 . . . . . . . . . . . Parts Field Recycled . | . . . . . . . . . . . . . . . . Retrieved Matter . | . . . . . . . . . . . . . . . . Parts Self-Destructed 5 | . . 5 . . . . . . . . . . . . . Prevented . | . . . . . . . . . . . . . . . . Parts Restored . | . . . . . . . . . . . . . . . . Kills | -11 -10 -10 -9 -6 -5 -5 -5 -4 -4 -4 -4 -4 -3 -2 -1 ------- Run | Yrd Mat Sub Scr Fac Fac Was Fac Fac Ext Cet Arc Hub Res Res Acc Combat Hostiles Destroyed 37 | . 4 2 . 31 . . . . . . . . . . . Guns 6 | . 1 . . 5 . . . . . . . . . . . Cannons 28 | . 3 2 . 23 . . . . . . . . . . . AOE 2 | . . . . 2 . . . . . . . . . . . Classes Destroyed 11 | . 1 1 . 8 . . . . 1 . . . . . . Worker 10 | . . . . 8 . . . . 1 . . . . 1 . Builder 1 | . . . . 1 . . . . . . . . . . . Tunneler 1 | . . . . . . . . . 1 . . . . . . Recycler 7 | . . . . 6 . . . . 1 . . . . . . Swarmer 5 | . . . . 5 . . . . . . . . . . . Grunt 18 | . 4 . . 14 . . . . . . . . . . . Duelist 1 | . . . . 1 . . . . . . . . . . . Sentry 3 | . . . . 3 . . . . . . . . . . . Hunter 6 | . . . . 6 . . . . . . . . . . . Programmer 2 | . . . . 2 . . . . . . . . . . . Subdweller 2 | . . 2 . . . . . . . . . . . . . Best Kill Streak 7 | . 2 2 . 7 . . . . 3 . . . . 1 . Combat Bots Only 5 | . 2 2 . 5 . . . . . . . . . . . Max Kills in Single Turn 2 | . 1 1 . 2 . . . . 1 . . . . 1 . Gunslinging . | . . . . . . . . . . . . . . . . Exploded 2 | . . . . 2 . . . . . . . . . . . Melee . | . . . . . . . . . . . . . . . . Uniques/NPCs Destroyed . | . . . . . . . . . . . . . . . . Combat | -11 -10 -10 -9 -6 -5 -5 -5 -4 -4 -4 -4 -4 -3 -2 -1 -------- Run | Yrd Mat Sub Scr Fac Fac Was Fac Fac Ext Cet Arc Hub Res Res Acc Hostile Shots Fired 883 | . 14 9 . 338 . . . . 53 12 . 47 8 146 256 Missed 350 | . 6 . . 108 . . . . 24 8 . 16 3 65 120 Hits 533 | . 8 9 . 230 . . . . 29 4 . 31 5 81 136 Melee 28 | . . . . 1 . . . . . . . . . 27 . Projectile 505 | . 8 9 . 229 . . . . 29 4 . 31 5 54 136 AOE 3 | . . . . 1 . . . . . . . . . 2 . Critical Strikes 35 | . 1 . . 5 . . . . 1 . . . . 21 7 Actively Blocked 2 | . . . . . . . . . . . . . . 2 . Part Disruptions 1 | . . . . . . . . . . . . . . 1 . Damage Taken 11457 | . 106 234 . 3712 . . . 66 857 109 . 564 89 2860 2860 Core 3398 | . 27 42 . 782 . . . 33 232 36 . 131 53 453 1609 Absorbed by Shields 56 | . . . . . . . . . 56 . . . . . . Redirected to Shielding 218 | . . . . . . . . . 98 15 . . . 105 . Core Remaining (%) 72 | 100 . . 72 8 . . 100 . . . . 62 95 68 . Volleys Fired 195 | . 10 7 . 137 . . 3 4 14 . 7 6 . 6 1 Largest 4 | . 2 2 . 4 . . 1 1 1 . 1 1 . 1 1 Hottest 247 | . 66 66 . 247 . . 85 85 85 . 85 85 . 88 58 Shots Fired 349 | . 20 14 . 273 . . 3 4 15 . 6 6 . 7 1 Gun 54 | . 6 . . 41 . . . . . . . . . 7 . Cannon 292 | . 14 14 . 229 . . 3 4 15 . 6 6 . . 1 Launcher 3 | . . . . 3 . . . . . . . . . . . Special . | . . . . . . . . . . . . . . . . Kinetic 195 | . 20 14 . 160 . . . . . . . . . . 1 Thermal 128 | . . . . 87 . . 3 4 15 . 6 6 . 7 . Explosive . | . . . . . . . . . . . . . . . . Electromagnetic 26 | . . . . 26 . . . . . . . . . . . Robot Hit Streak 14 | . 3 5 . 14 . . . . 10 . 7 . . 4 . Robot Miss Streak 5 | . 3 3 . 5 . . . . 2 . . . . 1 . Penetration Max 1 | . . . . 1 . . . . . . . . . . . Secondary Targets . | . . . . . . . . . . . . . . . . Shots Hit Robots 206 | . 10 8 . 169 . . . . 8 . 6 . . 5 . Core Hits 99 | . 6 1 . 85 . . . . 3 . 2 . . 2 . Critical Kills 3 | . . . . 1 . . . . 2 . . . . . . Critical Parts Destroyed . | . . . . . . . . . . . . . . . . Critical Strikes 19 | . 1 1 . 15 . . . . 2 . . . . . . Meltdown 2 | . . . . . . . . . 2 . . . . . . Destroy 1 | . . . . 1 . . . . . . . . . . . Blast 16 | . 1 1 . 14 . . . . . . . . . . . Melee Attacks . | . . . . . . . . . . . . . . . . Impact . | . . . . . . . . . . . . . . . . Slashing . | . . . . . . . . . . . . . . . . Piercing . | . . . . . . . . . . . . . . . . Sneak Attacks . | . . . . . . . . . . . . . . . . Combat Hostiles . | . . . . . . . . . . . . . . . . Follow-up Attacks . | . . . . . . . . . . . . . . . . Damage Inflicted 6811 | . 188 195 . 5790 . . . . 305 . 184 . . 147 2 Guns 827 | . 44 . . 636 . . . . . . . . . 147 . Cannons 5294 | . 144 195 . 4466 . . . . 305 . 184 . . . . Explosions 688 | . . . . 688 . . . . . . . . . . . Melee . | . . . . . . . . . . . . . . . . Ramming 2 | . . . . . . . . . . . . . . . 2 Kinetic 2966 | . 188 195 . 2583 . . . . . . . . . . . Thermal 2846 | . . . . 2210 . . . . 305 . 184 . . 147 . Explosive 392 | . . . . 392 . . . . . . . . . . . Electromagnetic 605 | . . . . 605 . . . . . . . . . . . Impact . | . . . . . . . . . . . . . . . . Slashing . | . . . . . . . . . . . . . . . . Piercing . | . . . . . . . . . . . . . . . . Highest Corruption 17 | . . . . 14 . 17 17 5 5 5 5 5 . 3 5 Average Corruption 7 | . . . . 12 . 13 17 5 4 5 5 3 . 2 2 Corruption Purged 8 | . . . . . . . . . 3 . . 5 . . . Corruption Blocked . | . . . . . . . . . . . . . . . . Effects 63 | . . . . 32 . 2 6 2 10 . 4 . . 5 2 Message Errors 16 | . . . . 9 . 1 1 1 3 . . . . . 1 Matter Fused 15 | . . . . 8 . . 1 1 1 . 2 . . 2 . Heat Flow Errors 6 | . . . . 2 . . 1 . 3 . . . . . . Energy Discharges 7 | . . . . 4 . . 2 . . . . . . 1 . Parts Rejected 1 | . . . . 1 . . . . . . . . . . . Parts Fused 1 | . . . . . . . . . . . . . . . 1 Data Loss (minor) 6 | . . . . 4 . . . . 1 . . . . 1 . Data Loss (major) 1 | . . . . . . . . . . . 1 . . . . Misfires 3 | . . . . 1 . . . . 1 . . . . 1 . Alerts 1 | . . . . . . . . . 1 . . . . . . Misdirections 2 | . . . . . . 1 1 . . . . . . . . Weapon Failures 4 | . . . . 3 . . . . . . 1 . . . . Overload Shots . | . . . . . . . . . . . . . . . . Overflow Damage 83 | . . . . 80 . . . . . . 3 . . . . Projectiles 71 | . . . . 68 . . . . . . 3 . . . . Explosions 12 | . . . . 12 . . . . . . . . . . . Melee . | . . . . . . . . . . . . . . . . Knockbacks 22 | . 2 1 . 19 . . . . . . . . . . . Impact . | . . . . . . . . . . . . . . . . Kinetic 21 | . 2 1 . 18 . . . . . . . . . . . Secondary 1 | . . . . 1 . . . . . . . . . . . Self-Inflicted Damage . | . . . . . . . . . . . . . . . . Shots . | . . . . . . . . . . . . . . . . Rammed . | . . . . . . . . . . . . . . . . Targets Rammed 3 | . . . . . . . . . . . . . . . 3 Kicked 3 | . . . . . . . . . . . . . . . 3 Crushed . | . . . . . . . . . . . . . . . . Highest Temperature 675 | . 244 . . 675 . . 111 . 327 . 24 56 . 56 . Average Temperature 128 | . 86 . . 138 . . 56 . 165 . 14 26 . 26 . Received Heat Transfer 1074 | . 78 72 . 696 . . . . 84 18 . 27 . 81 18 Effects 10 | . . . . 10 . . . . . . . . . . . Energy Bleed 2 | . . . . 2 . . . . . . . . . . . Interference 2 | . . . . 2 . . . . . . . . . . . Damage (minor) 1 | . . . . 1 . . . . . . . . . . . Damage (major) 3 | . . . . 3 . . . . . . . . . . . Damage (core) 2 | . . . . 2 . . . . . . . . . . . Siege Activations . | . . . . . . . . . . . . . . . . Martial Activations . | . . . . . . . . . . . . . . . . Shielding Activations . | . . . . . . . . . . . . . . . . Robots Disrupted . | . . . . . . . . . . . . . . . . Combat Hostiles . | . . . . . . . . . . . . . . . . Robots Corrupted 1 | . . . . 1 . . . . . . . . . . . Combat Hostiles 1 | . . . . 1 . . . . . . . . . . . Parts Fried 3 | . . . . 3 . . . . . . . . . . . Impact Corruptions . | . . . . . . . . . . . . . . . . Robots Melted 2 | . . . . . . . . . 2 . . . . . . Combat Hostiles . | . . . . . . . . . . . . . . . . Parts Melted 7 | . . 1 . 5 . . . . 1 . . . . . . Heat Transferred 4158 | . . . . 3400 . . . . 351 . 222 . . 185 . Parts Sabotaged . | . . . . . . . . . . . . . . . . Parts Stolen . | . . . . . . . . . . . . . . . . Parts Stripped . | . . . . . . . . . . . . . . . . Power Chain Reactions . | . . . . . . . . . . . . . . . . Alert | -11 -10 -10 -9 -6 -5 -5 -5 -4 -4 -4 -4 -4 -3 -2 -1 ------- Run | Yrd Mat Sub Scr Fac Fac Was Fac Fac Ext Cet Arc Hub Res Res Acc Maximum Alert Level 2 | . . . . 2 . . . . . . . . . . 1 Low Security (%) 81 | 100 100 . . 55 100 100 100 100 100 100 100 100 100 100 78 Level 1 12 | . . . . 28 . . . . . . . . . . 21 Level 2 6 | . . . . 15 . . . . . . . . . . . Level 3 . | . . . . . . . . . . . . . . . . Level 4 . | . . . . . . . . . . . . . . . . Level 5 . | . . . . . . . . . . . . . . . . High Security . | . . . . . . . . . . . . . . . . Max Security . | . . . . . . . . . . . . . . . . Peak Influence 460 | . 56 . . 460 189 55 61 17 172 10 . 94 14 173 360 Initial 189 | . . . . . 189 55 31 16 . 10 . . 3 7 40 Average 100 | . 12 . . 190 177 50 37 6 60 3 . 25 1 57 85 Influence Increases 2735 | . 133 . . 1075 . . 54 23 389 . 5 158 14 389 495 Destroy 0b10 Robot/C 880 | . 80 . . 620 . . . . 180 . . . . . . Destroy 0b10 Robot/NC 110 | . . . . 75 . . . . 25 . 5 . . 5 . Destroy Leader 162 | . 20 . . 130 . . . . 12 . . . . . . Allied During Kill 101 | . . . . . . . . . 101 . . . . . . Successful Hack 212 | . 17 . . 22 . . 50 . 14 . . 56 14 39 . Disable Machine 120 | . . . . 105 . . . . . . . . . . 15 Destroy Structure 100 | . 1 . . 63 . . 4 8 12 . . 12 . . . Partial Spotted 105 | . . . . . . . . 15 . . . 15 . 60 15 Lose Combat Pursuer 945 | . 15 . . 60 . . . . 45 . . 75 . 285 465 Influence Decreases 2515 | . 133 . . 687 229 114 64 58 370 19 5 150 8 336 342 Entered New Map 384 | . . . . . 199 104 14 19 . 9 . . 5 7 27 Time Decay 1264 | . 133 . . 445 30 10 50 39 180 . 5 70 3 189 110 Search Patrol Dispatched 100 | . . . . . . . . . . . . . . . 100 Lost Part 627 | . . . . 242 . . . . 70 10 . 80 . 140 85 Lost Ally 140 | . . . . . . . . . 120 . . . . . 20 Squads Dispatched 36 | . 2 . . 10 2 . 1 . 1 . . 1 2 12 5 Investigation 17 | . 1 . . 1 2 . . . 1 . . . 2 8 2 Extermination 6 | . . . . 2 . . . . . . . . . 3 1 Reinforcement 11 | . 1 . . 5 . . 1 . . . . 1 . 1 2 Assault . | . . . . . . . . . . . . . . . . Garrison 2 | . . . . 2 . . . . . . . . . . . Intercept . | . . . . . . . . . . . . . . . . Searches Triggered 1 | . . . . . . . . . . . . . . . 1 Construction Impeded 2 | . . . . 2 . . . . . . . . . . . Haulers Reinforced 2 | . . . . 2 . . . . . . . . . . . Active Scanning Responses . | . . . . . . . . . . . . . . . . Cargo Convoy Interrupts . | . . . . . . . . . . . . . . . . Stealth | -11 -10 -10 -9 -6 -5 -5 -5 -4 -4 -4 -4 -4 -3 -2 -1 --------- Run | Yrd Mat Sub Scr Fac Fac Was Fac Fac Ext Cet Arc Hub Res Res Acc Distress Signals 11 | . . . . 4 . . . . 1 1 . 2 1 1 1 Communications Jammed . | . . . . . . . . . . . . . . . . Distress Signals . | . . . . . . . . . . . . . . . . Times Spotted 204 | . 6 2 . 44 . 6 1 1 21 5 . 15 6 38 59 Peak Tracking Total 20 | . 2 2 . 5 . 6 1 1 10 5 . 10 5 14 20 Tactical Retreats 25 | . 1 . . 4 . . . . 2 . . 1 . 11 6 Traps | -11 -10 -10 -9 -6 -5 -5 -5 -4 -4 -4 -4 -4 -3 -2 -1 ------- Run | Yrd Mat Sub Scr Fac Fac Was Fac Fac Ext Cet Arc Hub Res Res Acc Traps Triggered 14 | . . . . 3 1 . 4 1 3 . . . . 2 . Indirectly . | . . . . . . . . . . . . . . . . Trap Hack Attempts . | . . . . . . . . . . . . . . . . Triggered . | . . . . . . . . . . . . . . . . Disarmed . | . . . . . . . . . . . . . . . . Reprogrammed . | . . . . . . . . . . . . . . . . Reused . | . . . . . . . . . . . . . . . . Traps Extracted . | . . . . . . . . . . . . . . . . Installed 1 | . . . . . . . . . 1 . . . . . . Triggered . | . . . . . . . . . . . . . . . . Most Traps Carried 3 | . . . 3 2 1 1 1 1 1 . . . . . . Machines | -11 -10 -10 -9 -6 -5 -5 -5 -4 -4 -4 -4 -4 -3 -2 -1 ---------- Run | Yrd Mat Sub Scr Fac Fac Was Fac Fac Ext Cet Arc Hub Res Res Acc Machines Disabled 8 | . . . . 7 . . . . . . . . . . 1 Max in Single Turn 3 | . . . . 3 . . . . . . . . . . 1 Machines Repaired . | . . . . . . . . . . . . . . . . Machines Dismantled . | . . . . . . . . . . . . . . . . Machines Sabotaged . | . . . . . . . . . . . . . . . . Overloaded Fab Kills . | . . . . . . . . . . . . . . . . Hacking | -11 -10 -10 -9 -6 -5 -5 -5 -4 -4 -4 -4 -4 -3 -2 -1 --------- Run | Yrd Mat Sub Scr Fac Fac Was Fac Fac Ext Cet Arc Hub Res Res Acc Machines Accessed 43 | . 5 . 5 7 3 . 2 . 3 1 1 4 4 7 1 Terminals 24 | . 5 . . 3 1 . 2 . 3 1 . 4 3 2 . Fabricators 2 | . . . . 2 . . . . . . . . . . . Repair Stations 1 | . . . . . . . . . . . . . 1 . . Recycling Units 9 | . . . . 1 2 . . . . . . . . 5 1 Scanalyzers 1 | . . . . 1 . . . . . . . . . . . Garrison Access . | . . . . . . . . . . . . . . . . Total Hacks 115 | . 15 . 12 16 5 . 6 . 4 2 25 8 8 12 2 Successful 71 | . 8 . 12 5 3 . 3 . 2 . 25 5 1 7 . Failed 43 | . 7 . . 10 2 . 3 . 2 2 . 3 7 5 2 Catastrophic 13 | . . . . . 1 . 2 . 1 2 . 2 3 1 1 Database Lockouts 1 | . . . . 1 . . . . . . . . . . . Manual 29 | . 6 . . 5 5 . 3 . . . . . . 8 2 Terminals 54 | . 15 . . 5 2 . 6 . 4 2 . 8 7 5 . Fabricators 5 | . . . . 5 . . . . . . . . . . . Repair Stations 1 | . . . . . . . . . . . . . 1 . . Recycling Units 15 | . . . . 3 3 . . . . . . . . 7 2 Scanalyzers 3 | . . . . 3 . . . . . . . . . . . Garrison Access . | . . . . . . . . . . . . . . . . Terminal Hacks 58 | . 7 . 12 2 . . 2 . 2 . 25 5 1 2 . Record 36 | . . . 11 . . . . . . . 25 . . . . Robot Analysis 1 | . 1 . . . . . . . . . . . . . . Prototype ID Bank 9 | . 4 . . . . . 1 . . . . 2 1 1 . Open Door 2 | . . . . . . . . . 2 . . . . . . Level Access Points 2 | . . . . 1 . . 1 . . . . . . . . Branch Access Points 2 | . 1 . . 1 . . . . . . . . . . . Emergency Access Points 2 | . . . . . . . . . . . . 1 . 1 . Terminal Index 1 | . 1 . . . . . . . . . . . . . . Hauler Manifests 1 | . . . . . . . . . . . . 1 . . . Zone Layout 1 | . . . . . . . . . . . . 1 . . . Proto ID Catalog 1 | . . . 1 . . . . . . . . . . . . Fabricator Hacks . | . . . . . . . . . . . . . . . . Repair Station Hacks . | . . . . . . . . . . . . . . . . Recycling Unit Hacks . | . . . . . . . . . . . . . . . . Scanalyzer 2 | . . . . 2 . . . . . . . . . . . Retrieve Study 2 | . . . . 2 . . . . . . . . . . . Garrison Access Hacks . | . . . . . . . . . . . . . . . . Unauthorized Hacks 11 | . 1 . . 1 3 . 1 . . . . . . 5 . Terminals 5 | . 1 . . 1 1 . 1 . . . . . . 1 . Botnet 4 | . 1 . . 1 1 . 1 . . . . . . . . Search 1 | . . . . . . . . . . . . . . 1 . Fabricators . | . . . . . . . . . . . . . . . . Repair Stations . | . . . . . . . . . . . . . . . . Recycling Units 6 | . . . . . 2 . . . . . . . . 4 . Fedlink 6 | . . . . . 2 . . . . . . . . 4 . Scanalyzers . | . . . . . . . . . . . . . . . . Garrison Access . | . . . . . . . . . . . . . . . . Data Cores Recovered 1 | . 1 . . . . . . . . . . . . . . Used . | . . . . . . . . . . . . . . . . Hacking Detections 25 | . 4 . . 4 2 . 1 . 1 1 . 4 4 3 1 Full Trace Events 7 | . . . . 1 . . . . 1 . . . 2 2 1 Feedback Events . | . . . . . . . . . . . . . . . . Feedback Blocked . | . . . . . . . . . . . . . . . . Robot Schematics Acquired . | . . . . . . . . . . . . . . . . Robots Built . | . . . . . . . . . . . . . . . . Authchips . | . . . . . . . . . . . . . . . . Time . | . . . . . . . . . . . . . . . . Total Robot Build Rating . | . . . . . . . . . . . . . . . . Part Schematics Acquired . | . . . . . . . . . . . . . . . . Parts Built . | . . . . . . . . . . . . . . . . Authchips . | . . . . . . . . . . . . . . . . Time . | . . . . . . . . . . . . . . . . Total Part Build Rating . | . . . . . . . . . . . . . . . . Part Studies Acquired 2 | . . . . 2 . . . . . . . . . . . Parts Repaired . | . . . . . . . . . . . . . . . . Time . | . . . . . . . . . . . . . . . . Parts Recycled . | . . . . . . . . . . . . . . . . Recycled Matter . | . . . . . . . . . . . . . . . . Retrieved Matter . | . . . . . . . . . . . . . . . . Retrieved Components . | . . . . . . . . . . . . . . . . Parts Scanalyzed . | . . . . . . . . . . . . . . . . Part Schematics Acquired . | . . . . . . . . . . . . . . . . Parts Damaged . | . . . . . . . . . . . . . . . . Bothacking | -11 -10 -10 -9 -6 -5 -5 -5 -4 -4 -4 -4 -4 -3 -2 -1 ------------ Run | Yrd Mat Sub Scr Fac Fac Was Fac Fac Ext Cet Arc Hub Res Res Acc Used RIF Installer . | . . . . . . . . . . . . . . . . Robots Hacked . | . . . . . . . . . . . . . . . . Non-combat . | . . . . . . . . . . . . . . . . Combat . | . . . . . . . . . . . . . . . . Robot Hacks Applied . | . . . . . . . . . . . . . . . . Relay Couplers Released . | . . . . . . . . . . . . . . . . Fabnet Peak Effective % . | . . . . . . . . . . . . . . . . Robots Rewired 3 | . . . . . . . . . 3 . . . . . . Allies Hacked . | . . . . . . . . . . . . . . . . Hacks Repelled . | . . . . . . . . . . . . . . . . Allies | -11 -10 -10 -9 -6 -5 -5 -5 -4 -4 -4 -4 -4 -3 -2 -1 -------- Run | Yrd Mat Sub Scr Fac Fac Was Fac Fac Ext Cet Arc Hub Res Res Acc Total Allies 8 | . . . . . . . . . 7 . . 1 . . . Largest Group 6 | . . . . . . . . . 6 . . . . . . Highest-Rated Group 333 | . . . . . . . . . 333 . . . . . . Highest-Rated Ally 159 | . . . . . . . . . 159 . . . . . . Total Orders . | . . . . . . . . . . . . . . . . Ally Attacks 45 | . . . . . . . . . 45 . . . . . . Total Damage 1722 | . . . . . . . . . 1722 . . . . . . Kills 12 | . . . . . . . . . 12 . . . . . . Allies Corrupted . | . . . . . . . . . . . . . . . . Allies Melted 1 | . . . . . . . . . 1 . . . . . . Intel | -11 -10 -10 -9 -6 -5 -5 -5 -4 -4 -4 -4 -4 -3 -2 -1 ------- Run | Yrd Mat Sub Scr Fac Fac Was Fac Fac Ext Cet Arc Hub Res Res Acc Active Infowar (turns) 2006 | . . . . 419 62 35 107 120 394 29 73 174 130 390 73 Optics 1435 | . . . . . 13 35 107 120 394 29 73 174 130 360 . Sensors 1352 | . . . . 419 62 26 106 120 267 . . 146 51 154 1 Terrain 72 | . . . . . . . . . . . . . . . 72 Cloaking 50 | . . . . . . . . . . . . . . 50 . Robot Analysis Total 1 | . 1 . . . . . . . . . . . . . . Derelict Logs Recovered 2 | . . . 2 . . . . . . . . . . . . Drone Launches 4 | . . . . . . . . . . . . . . . 4 Drone Recoveries 2 | . . . . . . . . . . . . . . . 2 Exploration | -11 -10 -10 -9 -6 -5 -5 -5 -4 -4 -4 -4 -4 -3 -2 -1 ------------- Run | Yrd Mat Sub Scr Fac Fac Was Fac Fac Ext Cet Arc Hub Res Res Acc Turns Passed 6935 | 69 450 274 2797 1519 62 35 107 120 394 29 73 174 130 434 268 Spaces Moved 6300 | 44 250 154 1417 804 155 98 234 247 588 83 94 284 254 1049 545 Core 45 | 12 . . . . . . . . 3 . . . . 2 28 Treads 2199 | 32 250 154 1417 346 . . . . . . . . . . . Legs . | . . . . . . . . . . . . . . . . Wheels 304 | . . . . 304 . . . . . . . . . . . Hover 305 | . . . . . . . . . 23 . . 282 . . . Flight 3447 | . . . . 154 155 98 234 247 562 83 94 2 254 1047 517 Fastest Speed 31 | 50 160 160 160 34 34 32 32 32 32 35 35 35 34 36 31 Average Speed 88 | 130 160 160 179 124 34 33 32 32 35 35 49 52 34 36 38 Slowest Speed 340 | 160 160 160 250 340 34 34 32 37 150 35 105 120 37 50 117 Overloaded Moves 47 | . . . . . . . . . 47 . . . . . . Propulsion Burnouts . | . . . . . . . . . . . . . . . . Robots Hopped 53 | . . . . . . . 2 1 20 1 . . 6 12 11 Potential Cave-ins . | . . . . . . . . . . . . . . . . Cave-ins Triggered . | . . . . . . . . . . . . . . . . Exploration Rate (%) 37 | 4 60 18 90 26 5 76 12 9 61 54 84 25 8 39 21 Regions Visited 15 Branch Regions 6 Pre-discovered Areas 6 | . . 1 4 . 1 . . . . . . . . . . Known Exits Taken 9 | . . . 1 1 . . 1 1 1 1 1 1 1 . . Unknown Exits Taken 4 | 1 1 1 . . . . . . . . . . . 1 . Scrap Searched 8 | . . . 8 . . . . . . . . . . . . Spaces Dug 12 | . . . . 2 . . 1 4 . . . 5 . . . Terrain Destroyed 91 | . 1 . . 74 . . 3 4 3 . . 6 . . . Melee . | . . . . . . . . . . . . . . . . Projectile 49 | . 1 . . 32 . . 3 4 3 . . 6 . . . AOE 42 | . . . . 42 . . . . . . . . . . . Terrain Rammed . | . . . . . . . . . . . . . . . . Walls Destroyed . | . . . . . . . . . . . . . . . . Machines Disabled . | . . . . . . . . . . . . . . . . Actions | -11 -10 -10 -9 -6 -5 -5 -5 -4 -4 -4 -4 -4 -3 -2 -1 --------- Run | Yrd Mat Sub Scr Fac Fac Was Fac Fac Ext Cet Arc Hub Res Res Acc Total 7254 | 53 283 168 1675 1088 163 99 260 282 737 81 112 302 287 1080 584 Wait 383 | . 4 1 208 18 . . 2 23 65 . 9 3 27 5 18 Move 6188 | 43 249 153 1416 803 155 97 229 244 553 80 93 283 241 1026 523 Hop 45 | . . . . . . . 2 1 14 1 . . 6 10 11 Pick Up 63 | 5 7 3 18 18 1 . 1 . 1 . . 1 3 3 2 Fast Attach 97 | 5 5 1 4 30 3 1 . 4 2 . 2 4 6 16 14 Attach 43 | . 1 1 . 21 1 . 1 2 2 . 1 1 3 3 6 Detach 30 | . . . . 12 . . . 3 3 . . 2 . 5 5 Swap 21 | . . . 9 7 1 . 1 . 2 . . . . 1 . Drop 58 | . 7 2 20 12 2 1 1 1 3 . . 2 1 5 1 Fire 195 | . 10 7 . 137 . . 3 4 14 . 7 6 . 6 1 Melee . | . . . . . . . . . . . . . . . . Ram . | . . . . . . . . . . . . . . . . Kick 3 | . . . . . . . . . . . . . . . 3 Crush . | . . . . . . . . . . . . . . . . Escape Stasis 80 | . . . . 30 . . 20 . 30 . . . . . . Rewire 47 | . . . . . . . . . 47 . . . . . . Trap 1 | . . . . . . . . . 1 . . . . . . Miscellaneous . | . . . . . . . . . . . . . . . . Route ------- -11/Scrapyard -10/Materials (discovered 4 exits: [*Mat] / *Min x2 / [*Sub]) -10/Subcaves (discovered 2 exits: *Scr x2) -9/Scraptown (discovered 2 exits: *Fac x2) -6/Factory (discovered 6 exits: *Fac x4 / Low x2) -5/Factory -5/Waste -5/Factory (discovered 4 exits: *Fac x4) -4/Factory -4/Extension (discovered 2 exits: *Res / *Cet) -4/Cetus -4/Archives (discovered 3 exits: *Res / *Hub x2) -4/Hub_04(d) -3/Research -2/Research -1/Access History --------- Turn | Location | Event 10 | -11/Scrapyard | Discovered new exit (range 15) 70 | -11/Scrapyard | Entered Materials 71 | -10/Materials | Met a group of wandering Federalists 258 | -10/Materials | Discovered new exit (range 16) 302 | -10/Materials | Build established: Mutant 491 | -10/Materials | Identified exit to Mines 509 | -10/Materials | Discovered new exit (range 8) 520 | -10/Materials | Entered Subcaves 521 | -10/Subcaves | Continued accompanying wandering Federalists (2) 521 | -10/Subcaves | Approached by a straggling Scientist 744 | -10/Subcaves | Learned location of Zion (-6) 744 | -10/Subcaves | Met a Zionite searching for "candidates" 774 | -10/Subcaves | Wandering Federalist uncovered a shortcut to Scraptown 794 | -10/Subcaves | Entered Scraptown 1003 | -9/Scraptown | Heard Great Nut preacher, LISTEN AND RECITE! 1084 | -9/Scraptown | Discovered new exit (range 11) 1172 | -9/Scraptown | Scanned Subdweller tech in exchange for log data 1179 | -9/Scraptown | Learned 8 Research zone layouts 1260 | -9/Scraptown | Visited UFD Registry 1287 | -9/Scraptown | Visited Cyclists 1331 | -9/Scraptown | Visited Comm Corps 1413 | -9/Scraptown | Visited Symbiants 1448 | -9/Scraptown | Visited The Evicted 1472 | -9/Scraptown | Visited Bundlers 1607 | -9/Scraptown | Visited TADAMA 1967 | -9/Scraptown | Learned location of Extension (-4) 2097 | -9/Scraptown | Registered with UFD as "Spikebrain" 2167 | -9/Scraptown | Visited LU-1G1's Boring Crew 2274 | -9/Scraptown | Visited Botcube Research 2292 | -9/Scraptown | Found Botcube 2338 | -9/Scraptown | Visited Science Guys 2636 | -9/Scraptown | Visited Derelict Rescue Squad 2646 | -9/Scraptown | Found DRS Beacon 2674 | -9/Scraptown | Visited Supply Room 2698 | -9/Scraptown | Visited Abandonware Association 2753 | -9/Scraptown | Visited Science Testing Area 2778 | -9/Scraptown | Visited Scrapoid Pod Storage 2823 | -9/Scraptown | Visited Research Penetration Think Tank 2862 | -9/Scraptown | Visited Curators Association 2996 | -9/Scraptown | Visited Artisan Demo Area 3073 | -9/Scraptown | Entered Cyclist Reading Room 3079 | -9/Scraptown | Learned location of Exiles (-9) 3234 | -9/Scraptown | Met Optimus 3234 | -9/Scraptown | Accepted into 0bPrime 3326 | -9/Scraptown | Discovered new exit (range 3) 3327 | -9/Scraptown | Identified exit to Factory 3591 | -9/Scraptown | Entered Factory 3591 | -6/Factory | Evolved 8 slots: Propulsion x3, Utility x3, Weapon x2 3692 | -6/Factory | Central database locked down 3880 | -6/Factory | Build established: Gunner 4247 | -6/Factory | Lost 8 parts (3n2u3w) 4297 | -6/Factory | Lost 3 parts (2n1u) 4375 | -6/Factory | System corruption reached 10% 4407 | -6/Factory | Garrison activated, responded to threat 4556 | -6/Factory | Garrison activated, responded to threat 4788 | -6/Factory | Core integrity fell below 50% 4820 | -6/Factory | Core integrity fell below 20% 4872 | -6/Factory | Lost 11 parts (1p6n4w) 4923 | -6/Factory | Identified exit to Lower Caves 5032 | -6/Factory | Identified exit to Factory 5110 | -6/Factory | Entered another Factory area 5110 | -5/Factory | Evolved 2 slots: Power x1, Utility x1 5129 | -5/Factory | Loaded intel: 8 recycling unit locations 5161 | -5/Factory | Learned location of Protoforge (-3) 5172 | -5/Factory | Sucked down chute 5172 | -5/Factory | Entered Waste 5175 | -5/Waste | Spotted C-40 Crusher 5176 | -5/Waste | Spotted C-40 Crusher 5179 | -5/Waste | Spotted C-40 Crusher 5187 | -5/Waste | EMP discharged 5187 | -5/Waste | System corruption reached 10% 5189 | -5/Waste | Spotted C-40 Crusher 5192 | -5/Waste | Spotted C-40 Crusher 5195 | -5/Waste | Spotted C-40 Crusher 5203 | -5/Waste | Discovered new exit (range 13) 5207 | -5/Waste | Identified exit to Factory 5207 | -5/Waste | Entered Factory 5243 | -5/Factory | Identified exit to Factory 5314 | -5/Factory | Entered another Factory area 5314 | -4/Factory | Evolved 2 slots: Propulsion x1, Utility x1 5410 | -4/Factory | Spotted B-86 Titan 5429 | -4/Factory | Discovered new exit (range 18) 5434 | -4/Factory | Identified exit to Extension 5434 | -4/Factory | Entered Extension 5444 | -4/Extension | Build established: Scout 5490 | -4/Extension | Rescued a captive Derelict 5517 | -4/Extension | Rescued A7 5537 | -4/Extension | Rescued a captive Derelict 5538 | -4/Extension | Rescued a captive Derelict 5735 | -4/Extension | Lost 3 allies 5755 | -4/Extension | Spotted B-86 Titan 5757 | -4/Extension | Spotted B-86 Titan 5799 | -4/Extension | Lost 6 parts (2p3n1u) 5810 | -4/Extension | Discovered new exit (range 20) 5810 | -4/Extension | Discovered new exit (range 20) 5827 | -4/Extension | Identified exit to Cetus 5828 | -4/Extension | Entered Cetus 5832 | -4/Cetus | Spotted Cetus Guard 5832 | -4/Cetus | Spotted Cetus Guard 5832 | -4/Cetus | Spotted Cetus Guard 5834 | -4/Cetus | Spotted Cetus Guard 5850 | -4/Cetus | Discovered new exit (range 21) 5857 | -4/Cetus | Identified exit to Archives 5857 | -4/Cetus | Entered Archives 5861 | -4/Archives | Met Zhirov 5865 | -4/Archives | Discovered new exit (range 16) 5867 | -4/Archives | Reinforcements dispatched to Archives 5867 | -4/Archives | Unable to access archive contents 5868 | -4/Archives | Discovered new exit (range 14) 5871 | -4/Archives | Read partially decrypted archive contents 5873 | -4/Archives | Discovered new exit (range 13) 5877 | -4/Archives | Identified exit to Hub_04(d) 5912 | -4/Archives | Reinforcements dispatched to Archives 5914 | -4/Archives | Zhirov warped through subspace 5914 | -4/Archives | Unable to access archive contents 5930 | -4/Archives | Entered Hub_04(d) 6035 | -4/Hub_04(d) | Discovered new exit (range 14) 6076 | -4/Hub_04(d) | Botcube activated 6104 | -4/Hub_04(d) | Identified exit to Research 6104 | -4/Hub_04(d) | Entered Research 6104 | -3/Research | Evolved 2 slots: Propulsion x1, Utility x1 6135 | -3/Research | Lost 8 parts (1p3n3u1w) 6177 | -3/Research | Discovered new exit (range 14) 6181 | -3/Research | Identified exit to Research 6234 | -3/Research | Entered another Research area 6234 | -2/Research | Evolved 2 slots: Propulsion x1, Utility x1 6247 | -2/Research | Found Prototype Processor 6247 | -2/Research | Identified Spectral Analyzer 6366 | -2/Research | Found Adv. Powered Armor 6380 | -2/Research | Loaded intel: 5 recycling unit locations 6544 | -2/Research | Spotted B-90 Cyclops 6582 | -2/Research | Found Prototype Hackware 6582 | -2/Research | Identified Exp. Hacking Suite 6643 | -2/Research | Spotted B-90 Cyclops 6664 | -2/Research | Discovered new exit (range 11) 6668 | -2/Research | Entered Access 6668 | -1/Access | Evolved 2 slots: Power x1, Utility x1 6694 | -1/Access | Spotted B-99 Colossus 6698 | -1/Access | Lost 11 parts (2p4n5u) 6789 | -1/Access | Spotted B-99 Colossus 6823 | -1/Access | Lost 3 parts (1n2u) 6906 | -1/Access | Core integrity fell below 50% 6918 | -1/Access | Search patrols dispatched 6923 | -1/Access | Core integrity fell below 20% 6936 | -1/Access | Destroyed by S-43 Plague with Heavy Machine Gun Last Messages --------------- R-10 Processor collects Lgt. Ion Engine. Acquired Lgt. Antimatter Reactor. Penetrated by Slug. Slug penetrates P-80 Master. Penetrated by Slug. Slug penetrates Door. ALERT: Suspicious intruders detected, dispatching Cutter reinforcements to area. Lgt. Antimatter Reactor destroyed. Slug penetrates Wall. Slug penetrates P-80 Master. Xenon Bombardment Thruster destroyed. R-10 Processor collects Terrain Scan Processor. Penetrated by Slug. Slug penetrates Wall. Critical hit (Destroy). Centrium Leg destroyed. Knocked back. Slug penetrates Wall. S-43 Plague knocked back. Map ----- +----------------------------------------------------+ | ??????????????????# =# ! #????????????? | | ??????????????????# !%#! #????????????? | | ??????????????????# ^ #= #????????????? | | ??????????????????# =#%[ #????????????? | | ??????????????????#!!! |[+%== #????????????? | | ??????????????????#!! [!%#############???????? | | ??????????????????#!! =!#??????? ????????? | | ??????????????????# #?????? ?????????? | | ??????????????????# #####? ""?????????? | | ??????????????????# #? ""?????????? | | ??????????????????# # """"?????????? | | ????????????????? # ! # """"""???????? | | ???????????????? / / "" ?????? | | ???????????????? # # "" ?????? | | ??????????????? ?# % #?? ?????? | | ??????????????? ??# ! #???? ""???? | | ??????????????????############## #?????? #??? | | ?????????????????????# ##s#???????? ???? | | ?????????????????????# #; ##?????????##???? | | ?????????????????????# #s !#??????????????? | | ?????????????????????# s H #??????????????? | | ?????????????????????# s ; #??????????????? | | ?????????????????????# % ## ##??????????????? | | ?????????????????????# ## #???????????????? | | ?????????????????##### ## ???????????????? | | ??????????# cuc /c @ ## ??????????????? | | ??????????? ################? ?????????????? | | ???????????????????????????????? ????????????? | | ???????????????????????????????? ? ???????????? | | ???????????????????????????????? ? ???????????? | | ???????????????????????????????? ?? ??????????? | | ???????????????????????????????? ?? ?????????? | | ???????????????????????????????? ??#?????????? | | ????????????????????????????????? ?????????????? | | ?????????????????????????????????????????????????? | | ?????????????????????????????????????????????????? | | ?????????????????????????????????????????????????? | | ?????????????????????????????????????????????????? | | ?????????????????????????????????????????????????? | | ?????????????????????????????????????????????????? | | ?????????????????????????????????????????????????? | | ?????????????????????????????????????????????????? | | ?????????????????????????????????????????????????? | | ?????????????????????????????????????????????????? | | ?????????????????????????????????????????????????? | | ?????????????????????????????????????????????????? | | ?????????????????????????????????????????????????? | | ?????????????????????????????????????????????????? | | ?????????????????????????????????????????????????? | | ?????????????????????????????????????????????????? | +----------------------------------------------------+ Best States ------------- Heat Dissipation 139 Energy Generation 45 Energy Capacity 440 Matter Stores 300 Matter Capacity 300 Sight Range 22 Robot Scan Range 16 Terrain Scan Range 24 Terrain Scan Density 410 Cloak Strength 3 Power Amplification 30 Additional Mass Support 9 Base Temperature (-) 200 Armor Coverage 625 Propulsion Shielding 66 Utility Shielding 66 Evasion (%) 74 Targeting Accuracy 6 Melee Accuracy 6 Target Analysis 6 Core Analysis 6 Recoil Reduction 5 Kinecelleration 30 Offensive Hacking 26 Defensive Hacking 24 Item Schematics ----------------- None Robot Schematics ------------------ None Fabricated ------------ Nothing Repaired ---------- Nothing Studied --------- Imp. EM Pulse Cannon | -6/Factory | Hacked Magnetic Acceleration Cannon | -6/Factory | Hacked Alien Tech Used ----------------- None Achievements -------------- Bumper Bots Ew, Corruption Frankenstein Hulk Smash Suspicious Challenges ------------ None Game ------ Seed AluminumSmallDetector Manual? 0 Play Time 01:34:05 Cumulative 363.0 hours Start 2025.11.30 @ 00:09:36 End 2025.11.30 @ 01:44:19 Sessions 1 Manual Loads 0 Difficulty Rogue Special Mode None Game No. 359 Rogue 359 Adventurer 0 Explorer 0 Win Type - Total 26 Types 19/0/4/3/0/0/0/0/0/0 Lore% 76 Gallery% 76 Achievement% 51 Wizard Run 0 Options --------- Layout 0 ASCII 0 Keyboard 1 Movement Numpad Keybinds 0 Fullscreen 1 Font 18/SmallcapsGlow Map View 76x50 Zoom Use 0% Tactical HUD 1 Map Filters NONE Filters NONE Steam 1 RUN: 05ab46b6-e120-4916-92d9-21e89cb8e023